Dins, lawful female dwarven Valkyrie @ @ @ @ @ @ -------I@ |.....|@@@ |@..)%D@ |....h| |..%)%| |..-)---- |..|.)..|I |..|..^.| --------- @ Dins the Woman-at-arms Experience level: 10 Strength: 25 Dexterity: 18 Constitution: 20 Intelligence: 8 Wisdom: 11 Charisma: 7 Health: 0(108) Energy: 1(1) Def: 29 Gold: 2118 Moves: 20179 Dungeon seed: gQ7DoNkCEOOSSSCA Game ID: Dins_1559658045 Your Inventory: Coins $ - 2118 gold pieces Amulets h - an uncursed amulet of reflection (being worn) Weapons a - the uncursed rustproof +0 Mjollnir (weapon in hand) F - the blessed rustproof +1 Excalibur Armor e - a blessed +3 small shield (being worn) q - a cursed rustproof +3 pair of gauntlets of power (being worn) r - a blessed fireproof +0 cloak of protection (being worn) N - an uncursed fireproof +0 pair of speed boots (being worn) Y - a blessed +3 gray dragon scale mail (being worn) Comestibles c - 10 uncursed food rations v - 2 uncursed male lizard corpses G - an uncursed partly eaten food ration L - 8 uncursed C-rations M - 8 uncursed K-rations V - 2 uncursed eucalyptus leaves X - an uncursed sprig of wolfsbane Scrolls O - an uncursed scroll of magic mapping P - an uncursed scroll of enchant armor Potions z - an uncursed potion of invisibility Wands Q - an uncursed wand of digging (0:3) Tools b - an uncursed sack k - an uncursed skeleton key p - an uncursed +0 pick-axe (alternate weapon; not wielded) C - an uncursed blindfold H - an uncursed tin opener Gems n - 4 uncursed worthless pieces of black glass y - an uncursed luckstone A - 3 uncursed worthless pieces of green glass B - 4 uncursed amber stones I - an uncursed flint stone J - 4 uncursed aquamarine stones K - 4 uncursed fluorite stones Spells and supernatural/magical abilities: Name Level Category Cost Memory H - speed monster 3 escape 3000pw 97% L - levitation 4 escape 4000pw 98% P - polymorph 7 matter 7000pw 97% W - pray for help -- divine ? -- Your skills at the end: Fighting Skills wands [Basic] Weapon Skills dagger [Basic] long sword [Expert] hammer [Basic] Spellcasting Skills Final Attributes: You were piously aligned. You were immune to cold. You were poison resistant. You were magic resistant. You had infravision. You were stealthy. You were protected. You were slow. You had reflection. You were extremely lucky. You had extra luck. Bad luck did not time out for you. Good luck did not time out for you. You got a gift from your god 700 turns ago. Tyr was pleased with you. You are dead. Vanquished creatures: a shimmering dragon a titanothere a baby gray dragon 2 vampire lords a captain a lurker above 5 ghosts 2 lieutenants a mind flayer 2 giant mimics an ogre king 2 large mimics a wumpus a long worm a stalker 2 hill giants a giant mummy 2 giant zombies an elf-lord 7 sergeants 2 wargs a winter wolf 4 small mimics 2 warhorses 3 ettin mummies an ogre lord 2 trolls a wood golem a gelatinous cube 5 large dogs a shocking sphere 3 tigers an ochre jelly an energy vortex 3 stone giants 2 elf mummies 3 human mummies a pit viper 2 pythons 7 wraiths 2 ettin zombies 23 soldiers 2 chameleons 9 giant beetles a quivering blob a cockatrice 4 wolves a lynx 2 leprechauns 3 iron piercers 2 mumakil 4 giant spiders 2 scorpions 2 horses 3 ice vortices a vampire bat a forest centaur 2 orc mummies a dwarf mummy 2 rust monsters 3 yetis a gold golem a werewolf 4 Green-elves 2 lizards a chickatrice 2 dingos 2 jaguars a raven 2 plains centaurs 2 gnome mummies 3 snakes 14 human zombies 7 soldier ants 3 bugbears 2 quasits a wood nymph a water nymph 2 mountain nymphs 10 Mordor orcs 2 orc shamans 2 rock piercers 3 rock moles a fog cloud 6 yellow lights 2 shriekers 2 violet fungi a gnomish wizard 5 kobold mummies 2 red naga hatchlings a black naga hatchling a guardian naga hatchling a gray ooze 2 elf zombies 8 ghouls 2 straw golems a baby crocodile 11 giant ants a little dog 5 floating eyes 2 dwarves 6 homunculi a kobold lord 2 kobold shamans 20 hill orcs 7 rothes a rabid rat 3 centipedes 3 giant bats 3 monkeys 4 orc zombies a dwarf zombie 3 werejackals 8 iguanas 4 killer bees 2 acid blobs 5 coyotes 4 gas spores 2 hobbits 3 large kobolds 5 hobgoblins 9 giant rats 4 cave spiders 2 brown molds 4 yellow molds a green mold 3 red molds 19 gnomes 43 garter snakes 6 gnome zombies 5 geckos 13 jackals 10 foxes a kobold a goblin 7 sewer rats 22 grid bugs 3 bats 8 lichens 5 kobold zombies 16 newts 544 creatures vanquished. Voluntary challenges: You had been an atheist until turn 7380. You used a wielded weapon 871 times, starting on turn 331. You read items or engraved 95 times, starting on turn 8267. You never genocided any monsters. You never polymorphed an object. You never changed form. You used 5 wishes, starting on turn 8268. You did not wish for any artifacts. You never split a pudding. You never wrote Elbereth's name. You violated your moral code, losing 110 points of alignment, starting on turn 20003. Dungeon overview: The Dungeons of Doom: levels 1 to 16 Level 1 some fountains a long staircase Level 2 a fountain stairs to The Gnomish Mines Level 3 a fountain Level 4 a general store, a fountain Level 5 many fountains Level 6 a vault stairs to Sokoban Level 7 (Stash) Level 8 Level 9 (Ghostpile) some fountains Level 10 Level 11 some fountains Level 12 (Quest Portal) an altar to Tyr Level 13 Level 14 Level 15 (Rogue) Level 16 a sink, a throne, a vault portal to Fort Ludios The Gnomish Mines: levels 3 to 10 Level 3 stairs to The Dungeons of Doom Level 4 Level 5 Level 6 many shops, a temple to Tyr, some fountains Level 7 Level 8 Level 9 Level 10 some fountains Sokoban: levels 2 to 5 Level 2 Solved Level 3 Solved Level 4 Solved Level 5 Solved stairs to The Dungeons of Doom Fort Ludios: Level 1 <- You were here portal to The Dungeons of Doom History has recorded: On T:1 you entered the Dungeons of Doom to retrieve the Amulet of Yendor! On T:311 you reached level 2 of The Dungeons of Doom. On T:551 you advanced to experience level 2. On T:750 you reached level 3 of The Dungeons of Doom. On T:944 you advanced to experience level 3. On T:982 you reached level 4 of The Dungeons of Doom. On T:1305 you reached level 5 of The Dungeons of Doom. On T:1441 you advanced to experience level 4. On T:1704 you reached level 6 of The Dungeons of Doom. On T:2611 you received advice from The Oracle On T:2611 you advanced to experience level 5. On T:2713 you reached level 4 of Sokoban. On T:3182 you reached level 3 of Sokoban. On T:3677 you advanced to experience level 6. On T:3922 you reached level 2 of Sokoban. On T:4421 you reached level 1 of Sokoban. On T:4555 you advanced to experience level 7. On T:6677 you reached level 7 of The Dungeons of Doom. On T:6912 you reached level 8 of The Dungeons of Doom. On T:7144 you reached level 9 of The Dungeons of Doom. On T:7308 you advanced to experience level 8. On T:8268 you wished for "2 blessed scroll of charging". On T:8274 you wished for "blessed +3 gray dragon scale mail". On T:8293 you wished for "rustproof +3 boots of speed". On T:8297 you wished for "rustproof +3 gauntlets of power". On T:8368 you wished for "blessed rustproof +3 cloak of protection". On T:8953 you reached level 1 of The Gnomish Mines. On T:9169 you reached level 2 of The Gnomish Mines. On T:9419 you reached level 3 of The Gnomish Mines. On T:9538 you reached level 4 of The Gnomish Mines. On T:9782 you reached level 5 of The Gnomish Mines. On T:9978 you reached level 6 of The Gnomish Mines. On T:10037 you advanced to experience level 9. On T:10255 you reached level 7 of The Gnomish Mines. On T:10589 you reached level 8 of The Gnomish Mines. On T:12402 you reached level 10 of The Dungeons of Doom. On T:12500 you reached level 11 of The Dungeons of Doom. On T:12646 you reached level 12 of The Dungeons of Doom. On T:12991 you advanced to experience level 10. On T:15506 you reached level 13 of The Dungeons of Doom. On T:15709 you reached level 14 of The Dungeons of Doom. On T:16111 you reached level 15 of The Dungeons of Doom. On T:16513 you reached level 16 of The Dungeons of Doom. On T:17031 you reached Fort Ludios. On T:17109 you advanced to experience level 11. On T:19479 you received Mjollnir from Tyr. Score breakdown: Gold: 2118 (11314 points) Experience: 10 levels (16712 points) Exploration: 20 levels ( 41.67%) (19074 points) Discoveries: 26 items ( 10.40%) ( 9674 points) Valuables value: (no points given unless you survive) Artifact value: 8000 (13277 points) Variety of kills: 141 monsters ( 37.11%) (18274 points) Turncount: 20179 turns (-3415 points) Survival: died (score multiplied by 80%) Total score: 67928 Latest messages: The blast of frost whizzes by you! The blast of frost bounces! (3x) The silver dragon misses. The silver dragon hits! (2x) The soldier wields a short sword! The soldier throws a spear! The spear hits the silver dragon! The captain zaps a wand of cold! Nothing happens. [2 turns] The massive hammer hits! Lightning strikes the silver dragon! The silver dragon bites! The silver dragon hits! (2x) The captain zaps a wand of speed monster! Nothing happens. The silver dragon bites! The silver dragon hits! (2x) The silver dragon bites! The silver dragon hits! (2x) The silver dragon bites! The silver dragon hits! (2x) You die... The sack is empty. Final status: Farvel Dins the Valkyrie, killed by a silver dragon... You died in Fort Ludios with 67928 points, and 2118 pieces of gold, after 20179 moves. You were level 10 with a maximum of 108 hit points when you died.